 Dungeon Crawl Stone Soup version 0.30-b1-2-g02819fbbbe (webtiles) character file.

Game seed: 13512096616560808464

222 LLlMATKO the Digger (level 5, 0/28 HPs)
             Began as a Gargoyle Earth Elementalist on Sept 10, 2023.
             Slain by a black bear (3 damage)
             ... on level 4 of the Dungeon.
             The game lasted 00:07:23 (3629 turns).

LLlMATKO the Digger (Gargoyle Earth Elementalist)   Turns: 3629, Time: 00:07:24

Health: 0/28       AC:  9    Str: 11    XL:     5   Next: 99%
Magic:  9/9        EV: 10    Int: 18    God:
Gold:   174        SH:  0    Dex: 10    Spells: 8/9 levels left

rFire   . . .        n - +1 short sword
rCold   . . .        (no shield)
rNeg    + . .        l - +0 ring mail
rPois   ∞            (no helmet)
rElec   +            (no cloak)
rCorr   .            (no gloves)
SInv    .            (no boots)
Will    .....        h - amulet of regeneration
Stlth   ++           (no ring)
HPRegen 1.04/turn    (no ring)
MPRegen 0.11/turn

%: no passive effects
@: no status effects
A: sickness immunity, AC +4, negative energy resistance 1, electricity
resistance, torment resistance 1, petrification resistance
a: no special abilities


You were on level 4 of the Dungeon.
You visited 1 branch of the dungeon, and saw 4 of its levels.
You also visited: Sewer.

You collected 174 gold pieces.

Inventory:

Hand Weapons
 n - a +1 short sword (weapon)
Missiles
 a - 2 throwing nets
 e - 6 poisoned darts
Armour
 l - a +0 ring mail (worn)
Jewellery
 h - an amulet of regeneration (around neck)
Scrolls
 c - 3 scrolls of identify
 f - a scroll of blinking {unknown}
 g - a scroll of magic mapping {unknown}
 o - a scroll of enchant weapon
Potions
 b - a potion of magic
 d - 3 potions of curing
 i - a potion of degeneration {unknown}
 j - a potion of resistance {unknown}
 k - 3 potions of heal wounds {unknown}
 m - a potion of might {unknown}
 p - a potion of haste {unknown}


   Skills:
 + Level 2.6 Dodging
 + Level 3.7 Stealth
 + Level 2.9 Spellcasting
 + Level 2.1 Transmutations
 + Level 4.7 Earth Magic


You had 8 spell levels left.
You knew the following spells:

 Your Spells              Type           Power      Damage    Failure   Level
a - Sandblast             Erth           38%        2d10      6%          1

Your spell library contained the following spells:

 Spells                   Type           Power      Damage    Failure   Level
 Passwall                 Tmut/Erth      11%        N/A       16%         2
 Necrotise                Necr           8%         1d4       38%         1
 Stone Arrow              Conj/Erth      22%        3d8       41%         3
 Petrify                  Tmut/Erth      14%        N/A       69%         4
 Vampiric Draining        Necr           2%         2d6       77%         3
 Vhi's Electric Charge    Tloc/Air       4%         N/A       77%         3
 Agony                    Necr           2%         N/A       100%        5
 Arcjolt                  Conj/Air       1%         1d11      100%        5
 Maxwell's Capacitive Co  Air            1%         ∞         100%        8


Dungeon Overview and Level Annotations

Branches:
Dungeon (4/15)              Sewer (visited)
 Temple: D:4-7

Altars:
Ashenzari

Annotations:
D:3 3 runed translucent doors, Fartwhistle's ghost, weakling OpTm


Innate Abilities, Weirdness & Mutations

You are immune to sickness and miasma.
Your stone body is resilient. (AC +4)
You are immune to poison.
You resist negative energy. (rN+)
You are resistant to electric shocks. (rElec)
You are resistant to unholy torment.
You are immune to petrification.


Message History

* * * LOW HITPOINT WARNING * * *
The black bear claws you but does no damage.
The giant cockroach barely misses you. The black bear closely misses you.
The black bear claws you.
* * * LOW HITPOINT WARNING * * *
The black bear barely misses you.
The giant cockroach bites you but does no damage.
The black bear closely misses you.
The black bear claws you but does no damage. x2
The giant cockroach closely misses you. The giant cockroach bites you.
* * * LOW HITPOINT WARNING * * *
The black bear bites you but does no damage.
The black bear claws you.
* * * LOW HITPOINT WARNING * * *
The black bear claws you but does no damage.
The giant cockroach misses you. The black bear bites you.
* * * LOW HITPOINT WARNING * * *
The black bear claws you but does no damage.
The black bear completely misses you.
The giant cockroach bites you but does no damage.
The black bear bites you but does no damage.
The black bear claws you but does no damage.
The black bear misses you. The giant cockroach barely misses you.
The black bear bites you but does no damage.
The black bear barely misses you.
The black bear claws you but does no damage.
The giant cockroach barely misses you. The black bear barely misses you.
The black bear claws you but does no damage.
The black bear barely misses you.
The giant cockroach bites you but does no damage.
The giant cockroach bites you.
* * * LOW HITPOINT WARNING * * *
The black bear bites you.
* * * LOW HITPOINT WARNING * * *
The black bear claws you but does no damage. x2
The giant cockroach barely misses you. The black bear barely misses you.
The black bear claws you.
You die...

# ## #. .#
#### ###
.###.#.....
#...
..#.#...
#....#.#...
#....#.#.##
#.........#
#....#....+
......#.@..#
.....
#Bh...#
.....
#........#
....
#.......##
####
....#####
+....#
#....#
#....#


You could see a black bear and a giant cockroach.

Vanquished Creatures
  A water moccasin (Sewer)
  4 adders
  4 worms
  2 dart slugs
  6 bats
  6 endoplasms
  A giant cockroach (D:2)
  3 goblins
  12 hobgoblins
  5 jackals
  5 kobolds
  4 quokkas
  6 ball pythons
  6 frilled lizards
  3 rats
68 creatures vanquished.

Vanquished Creatures (others)
  7 plants (D:3)
7 creatures vanquished.

Grand Total: 75 creatures vanquished

Notes
Turn   | Place    | Note
-------+----------+-------------------------------------------
     0 | D:1      | LLlMATKO the Gargoyle Earth Elementalist began the quest
                  | for the Orb.
     0 | D:1      | Reached XP level 1. HP: 10/10 MP: 3/3
    56 | D:1      | Found a faded altar of an unknown god.
   216 | D:1      | Reached skill level 1 in Transmutations
   216 | D:1      | Reached XP level 2. HP: 15/15 MP: 3/5
   626 | D:1      | Reached XP level 3. HP: 19/19 MP: 4/6
  1039 | D:1      | Reached skill level 4 in Earth Magic
  1573 | D:2      | Found a broken altar of Ashenzari.
  1727 | D:2      | Reached XP level 4. HP: 24/24 MP: 5/7
  2310 | D:2      | Found a broken altar of Ashenzari.
  2581 | D:3      | Noticed Fartwhistle's ghost (weakling OpTm)
  2581 | D:3      | Found a runed translucent gate.
  2581 | D:3      | Found a runed translucent gate.
  2581 | D:3      | Found a runed translucent gate.
  2865 | D:3      | Found a glowing drain.
  2893 | Sewer    | Entered a sewer
  3048 | Sewer    | Noticed a water moccasin
  3056 | Sewer    | Killed a water moccasin
  3057 | Sewer    | Reached XP level 5. HP: 22/28 MP: 2/9
  3597 | D:4      | Noticed a black bear
  3624 | D:4      | HP: 1/28 [black bear (2)]
  3629 | D:4      | Slain by a black bear

Illustrated notes

Levels and vault maps discovered:
D:1:      saegor_arrival_simple_e, layout_loops_corners,
          ebering_ecumenical_altar_sacrificial, corexii_leaking_fountain,
          nrook_mini_backslash, st_stairs_11, chequers_serial_rivers_small_b,
          grunt_decor_fettered
D:2:      layout_loops_ring, basic_altar
D:3:      layout_loops_ring, cheibrodos_sewer_entry_bend, gammafunk_ghost_split,
          serial_bayou_crossing
D:4:      layout_basic, lemuel_doored_altar, marbit_many_paths,
          minmay_temple_entry_fiery

Skill      XL: |  1  2  3  4 |
---------------+-------------+-----
Transmutations | 1 2 |  2.1
Earth Magic    | 4 |  4.7
Dodging        | 2 |  2.6
Stealth        | 3 |  3.7
Spellcasting   | |  2.9

Action                     |  1- 3 |  4- 6 || total
---------------------------+-------+-------++-------
  Melee: Unarmed           |    43 |       ||    43
         Short sword       |       |    92 ||    92
         Punch             |       |     2 ||     2
  Throw: Dart              |     2 |     2 ||     4
   Cast: Sandblast         |    56 |    28 ||    84
    Use: Scroll            |       |     5 ||     5
   Stab: Sleeping          |       |     1 ||     1
 Armour: Robe              |    21 |       ||    21
         Ring mail         |     3 |   104 ||   107
  Dodge: Dodged            |    53 |   103 ||   156
